 Dungeon Crawl Stone Soup version 0.30.1-4-g462c640d31 (webtiles) character file.

Game seed: 807696240153400251

2 AleXD21137 the Grave Robber (level 1, 0/10 HPs)
             Began as a Tengu Necromancer on Sept 15, 2023.
             Slain by a giant cockroach (1 damage)
             ... on level 1 of the Dungeon.
             The game lasted 00:00:38 (97 turns).

AleXD21137 the Grave Robber (Tengu Necromancer)       Turns: 97, Time: 00:00:38

Health: 0/10       AC:  2    Str:  8    XL:     1   Next: 30%
Magic:  4/4        EV: 12    Int: 15    God:
Gold:   8          SH:  0    Dex: 14    Spells: 3/4 levels left

rFire   . . .        (no weapon)
rCold   . . .        (no shield)
rNeg    . . .        a - +0 robe
rPois   .            (helmet restricted)
rElec   .            (no cloak)
rCorr   .            (no gloves)
SInv    .            (boots unavailable)
Will    .....        (no amulet)
Stlth   ++           (no ring)
HPRegen 0.21/turn    (no ring)
MPRegen 0.09/turn

%: no passive effects
@: no status effects
A: beak, talons 3
a: no special abilities


You were on level 1 of the Dungeon.
You visited 1 branch of the dungeon, and saw 1 of its levels.

You collected 8 gold pieces.

Inventory:

Armour
 a - a +0 robe (worn)
Potions
 b - a potion of magic


   Skills:
 + Level 2.1 Dodging
 + Level 2.0 Stealth
 + Level 2.0 Spellcasting
 + Level 4.5 Necromancy


You had 3 spell levels left.
You knew the following spells:

 Your Spells              Type           Power      Damage    Failure   Level
a - Necrotise             Necr           60%        1d7       3%          1

Your spell library contained the following spells:

 Spells                   Type           Power      Damage    Failure   Level
 Vampiric Draining        Necr           15%        2d7       11%         3
 Animate Dead             Necr           15%        N/A       34%         4
 Agony                    Necr           15%        N/A       67%         5


Dungeon Overview and Level Annotations

Branches:
Dungeon (1/15)

Altars:


Innate Abilities, Weirdness & Mutations

You have a beak for a mouth.
You have claws for feet.


Message History

The endoplasm is lightly wounded.
The giant cockroach barely misses you. The endoplasm closely misses you.
The goblin barely misses you.
You hit the endoplasm but do no damage. You claw the endoplasm.
You kill the endoplasm!
The giant cockroach bites you but does no damage.
The goblin hits you with a +0 club.
The giant cockroach bites you but does no damage.
The giant cockroach closely misses you. The goblin hits you with a +0 club.
The giant cockroach bites you but does no damage.
The goblin completely misses you.
The giant cockroach attacks as you move away!
The giant cockroach bites you but does no damage.
The goblin hits you with a +0 club.
* * * LOW HITPOINT WARNING * * *
The giant cockroach attacks as you move away!
The giant cockroach closely misses you. The goblin hits you with a +0 club.
* * * LOW HITPOINT WARNING * * *
The giant cockroach closely misses you. The goblin hits you but does no damage.
The goblin hits you but does no damage. The giant cockroach barely misses you.
The giant cockroach misses you. The goblin barely misses you.
The goblin hits you with a +0 club.
* * * LOW HITPOINT WARNING * * *
The giant cockroach attacks as you move away!
The giant cockroach bites you but does no damage.
Found a scroll labelled RYUMMUY XIULAO.
You closely miss the giant cockroach. The giant cockroach barely misses you.
The goblin closely misses you.
You closely miss the giant cockroach.
You peck the giant cockroach, but do no damage.
The giant cockroach barely misses you.
The giant cockroach bites you but does no damage.
The goblin hits you with a +0 club.
* * * LOW HITPOINT WARNING * * *
You closely miss the giant cockroach. Your kick misses the giant cockroach.
The giant cockroach bites you but does no damage.
The goblin closely misses you.
You hit the giant cockroach but do no damage.
Your kick misses the giant cockroach. The giant cockroach bites you.
You die...

#.#.#....(#. #^##
######.#.#.....#. ....
#..'.'.#.'..<..'. .....
#.####.#.#.....#. .....#
#.# #.#.#.....#.
?.....##†####.#.###'###.
#..........##.##.......#
#..........##.#.#######.
#......@B..##..#.......
#.......g..##.#########
#..........##........
#..........########+#
#.............
#..........####
#........$.#
#..........# ..........#


You could see a giant cockroach and a goblin.

Vanquished Creatures
  An endoplasm (D:1)
  A bat (D:1)
2 creatures vanquished.

Notes
Turn   | Place    | Note
-------+----------+-------------------------------------------
     0 | D:1      | AleXD21137 the Tengu Necromancer began the quest for the
                  | Orb.
     0 | D:1      | Reached XP level 1. HP: 10/10 MP: 4/4
    97 | D:1      | Slain by a giant cockroach

Illustrated notes

Levels and vault maps discovered:
D:1:      matt_arrival_los_fun, layout_basic

Action                     || total
---------------------------++-------
  Melee: Unarmed           ||     8
         Kick              ||     2
         Peck              ||     1
 Armour: Robe              ||     9
  Dodge: Dodged            ||    17
